 Dungeon Crawl Stone Soup version 0.29-a0-1043-g569b05d6ff (webtiles) character file.

Game seed: 15331267040243497199

95 gelatine the Firebug (level 4, -2/30 HPs)
             Began as a Demonspawn Fire Elementalist on Aug 16, 2022.
             Blown up by Ijyb (8 damage)
             ... with a mindburst bolt
             ... on level 3 of the Dungeon.
             The game lasted 00:06:28 (2827 turns).

gelatine the Firebug (Demonspawn Fire Elementalist) Turns: 2827, Time: 00:06:28

Health: -2/30      AC:  3    Str:  8    XL:     4   Next: 40%
Magic:  1/8        EV: 12    Int: 18    God:
Gold:   118        SH:  0    Dex: 14    Spells: 5/8 levels left

rFire   + . .      SeeInvis .   o - staff of fire
rCold   + . .      Faith    .   (no shield)
rNeg    . . .      Spirit   .   a - +0 robe
rPois   .          Reflect  .   (helmet restricted)
rElec   .          Harm     .   k - +0 cloak
rCorr   .          Rampage  .   (no gloves)
Will    .....                   (no boots)
Stlth   ++........              (no amulet)
HPRegen 0.10/turn               p - ring of protection from cold
MPRegen 0.11/turn               (no ring)

@: no status effects
A: antennae 1, spiny 1
a: no special abilities


You were on level 3 of the Dungeon.
You visited 1 branch of the dungeon, and saw 3 of its levels.

You collected 118 gold pieces.

Inventory:

Armour
 a - a +0 robe (worn)
 k - a +0 cloak (worn)
Magical Staves
 o - a staff of fire (weapon)
Jewellery
 p - a ring of protection from cold (left hand)
Scrolls
 e - 2 scrolls of butterflies {unknown}
 f - a scroll of acquirement {unknown}
 h - a scroll of magic mapping
 i - a scroll of teleportation {unknown}
 j - a scroll of fear {unknown}
 l - a scroll of immolation {unknown}
Potions
 c - 2 potions of might {unknown}
 d - a potion of mutation {unknown}
 g - 2 potions of heal wounds {unknown}
 m - 2 potions of curing {unknown}
 n - 2 potions of attraction {unknown}


   Skills:
 + Level 1.8 Dodging
 + Level 2.3 Stealth
 + Level 2.7 Spellcasting
 + Level 1.7 Conjurations
 + Level 3.7 Fire Magic
 * Level 0.3 Evocations


You had 5 spell levels left.
You knew the following spells:

 Your Spells              Type           Power      Damage    Failure   Level
a - Foxfire               Conj/Fire      72%        2x1d7     5%          1
b - Scorch                Fire           46%        2d7       5%          2

Your spell library contained the following spells:

 Spells                   Type           Power      Damage    Failure   Level
 Conjure Flame            Conj/Fire      18%        6-21      17%         3
 Inner Flame              Hex/Fire       13%        N/A       24%         3
 Ensorcelled Hibernation  Hex/Ice        4%         N/A       26%         2
 Passwall                 Tmut/Erth      1%         N/A       26%         2
 Swiftness                Air            2%         N/A       45%         3
 Flame Wave               Conj/Fire      18%        2d7       50%         4


Dungeon Overview and Level Annotations

Branches:
Dungeon (3/15)

Altars:

Shops:
D:2 [

Annotations:
D:3 Ijyb


Innate Abilities, Weirdness & Mutations

You have a pair of small antennae on your head.
You are partially covered in sharp spines.


Message History

Ouch! That really hurt!
Casting: Foxfire (safe; 5% risk of failure)
Confirm with . or Enter, or press ? or * to list all spells.
You feel a surge of power!
Flames lash Ijyb.
Ijyb is moderately wounded.
The foxfire hits Ijyb but does no damage.
Ijyb is moderately wounded.
The foxfire hits Ijyb.
Ijyb is moderately wounded.
Ijyb closely misses you.
You are too injured to fight recklessly!
Casting: Scorch (safe; 5% risk of failure)
Confirm with . or Enter, or press ? or * to list all spells.
You don't have enough magic to cast this spell.
You hit Ijyb but do no damage.
Ijyb is moderately wounded.
Ijyb closely misses you. Magic courses through your body.
Ijyb closely misses you.
Casting: Scorch (safe; 5% risk of failure)
Confirm with . or Enter, or press ? or * to list all spells.
You feel a surge of power!
Flames lash Ijyb.
Ijyb is burned terribly!
Ijyb is severely wounded.
Ijyb hits you with a +0 dagger.
* * * LOW HITPOINT WARNING * * *
Casting: Scorch (safe; 5% risk of failure)
Confirm with . or Enter, or press ? or * to list all spells.
You feel a surge of power!
Flames lash Ijyb.
Ijyb is burned terribly!
Ijyb is almost dead.
Ijyb completely misses you.
Casting: Scorch (safe; 5% risk of failure)
Confirm with . or Enter, or press ? or * to list all spells.
You feel a surge of power!
Flames lash Ijyb but do no damage.
Ijyb hits you with a +0 dagger.
* * * LOW HITPOINT WARNING * * *
Casting: Scorch (safe; 5% risk of failure)
Confirm with . or Enter, or press ? or * to list all spells.
You feel a surge of power!
Flames lash Ijyb.
Ijyb is almost dead.
Ijyb zaps a wand.
Your mind is blasted!
You die...

#.#
#....#####.# ##
#.# #....# #.#
#. #.# ######
#.# #. #.# #.#
#. #.#
########### #.#
#. #.#
#......... #.#
#. #.#
#.......### #.#
#. #.#
#.....g...# #.#
## #.#
#....@...# #.#
#)#
######'#.$..#.#
#.# #.# ####.#
#.# #.# #....#
#.# #.# #.####
#.# #.# #.# #.#
#.# #)# #.# #.#
#.######## #.#
#.# #........#


You could see Ijyb (combustible).

Vanquished Creatures
  Jessica (D:3)
  2 adders
  A dart slug (D:1)
  5 ball pythons
  6 bats
  5 endoplasms
  5 goblins
  5 hobgoblins
  A quokka (D:2)
  A frilled lizard (D:2)
  10 kobolds
  5 rats
47 creatures vanquished.

Vanquished Creatures (others)
  152 foxfires
152 creatures vanquished.

Grand Total: 199 creatures vanquished

Notes
Turn   | Place    | Note
-------+----------+-------------------------------------------
     0 | D:1      | gelatine the Demonspawn Fire Elementalist began the quest
                  | for the Orb.
     0 | D:1      | Reached XP level 1. HP: 13/13 MP: 3/3
    24 | D:1      | Found a faded altar of an unknown god.
   210 | D:1      | Reached skill level 3 in Fire Magic
   234 | D:1      | Gained mutation: You have a pair of small antennae on your
                  | head. [demonic ancestry]
   234 | D:1      | Reached XP level 2. HP: 19/19 MP: 0/5
  1374 | D:2      | Reached XP level 3. HP: 24/24 MP: 0/6
  1501 | D:2      | Found Xeoril's Armour Emporium.
  2240 | D:2      | Learned a level 2 spell: Scorch
  2688 | D:3      | Gained mutation: You are partially covered in sharp spines.
                  | [demonic ancestry]
  2688 | D:3      | Reached XP level 4. HP: 30/30 MP: 7/7
  2698 | D:3      | Noticed Jessica
  2703 | D:3      | Killed Jessica
  2813 | D:3      | Noticed Ijyb
  2827 | D:3      | Blown up by Ijyb

Illustrated notes

Levels and vault maps discovered:
D:1:      nicolae_arrival_memento_mori, layout_basic, basic_ecumenical_altar,
          chequers_serial_rivers_micro_b
D:2:      layout_loops_ring, serial_shops, nicolae_shop_trees, basic_altar
D:3:      layout_basic, uniq_jessica, uniq_ijyb, uniq_crazy_yiuf_cottage

Skill      XL: |  1  2  3 |
---------------+----------+-----
Fire Magic     | 3 |  3.7
Stealth        | 2 |  2.3
Dodging        | |  1.8
Spellcasting   | |  2.7
Conjurations   | |  1.7
Evocations     | |  0.3

Action                   |  1- 3 |  4- 6 || total
-------------------------+-------+-------++-------
Melee: Short sword       |     7 |       ||     7
       Staff             |     6 |     3 ||     9
 Cast: Foxfire           |    82 |     5 ||    87
       Scorch            |     5 |     9 ||    14
  Use: Scroll            |     1 |       ||     1
       Potion            |       |     1 ||     1
 Stab: Sleeping          |     1 |       ||     1
Armor: Robe              |     3 |       ||     3
Dodge: Dodged            |    15 |     4 ||    19

Table legend: (Time is in decaauts)
 A = Elapsed time spent in this place.
 B = Non-inter-level travel time spent in this place.
 C = Inter-level travel time spent in this place.
 D = Time resting spent in this place.
 E = Time spent auto-exploring this place.
 F = Levels seen in this place.
 G = Mean time per level.
                   A        B        C        D        E       F      G
               +--------+--------+--------+--------+--------+-----+--------+
         Total |   2826 |   2811 |     15 |      0 |   2423 |   3 |  942.0 |
       Dungeon |   2826 |   2811 |     15 |      0 |   2423 |   3 |  942.0 |
               +--------+--------+--------+--------+--------+-----+--------+

Top non-repeatable levels by time:
     D:1: 1306 daAuts
     D:2: 935 daAuts
     D:3: 585 daAuts
